 Dungeon Crawl Stone Soup version 0.26-a0-30-g56b8cd3df0 (webtiles) character file.

Game seed: 18197246308049653993, levelgen mode: deterministic

81 xccam the Covered (level 4, -1/38 HPs)
             Began as a Gnoll Wanderer on June 3, 2020.
             Slain by a gnoll
             ... wielding a +0 halberd
              (8 damage)
             ... on level 2 of the Dungeon.
             The game lasted 00:02:10 (2050 turns).

xccam the Covered (Gnoll Wanderer)                  Turns: 2050, Time: 00:02:10

Health: -1/38      AC:  6    Str: 14    XL:     4   Next: 40%
Magic:  5/5        EV: 11    Int: 14    God:
Gold:   68         SH:  0    Dex: 16    Spells: 5/5 levels left

rFire    . . .     SeeInvis .   a - +2 mace
rCold    . . .     Gourm    .   (no shield)
rNeg     . . .     Faith    .   b - +0 ring mail
rPois    .         Spirit   .   (no helmet)
rElec    .         Reflect  .   (no cloak)
rCorr    .         Harm     .   (no gloves)
MR       .....                  (no boots)
Stlth    ++........             (no amulet)
HPRegen  0.12/turn              (no ring)
MPRegen  0.09/turn              (no ring)

@: no status effects
A: distributed training, fangs 1, strong nose
a: no special abilities


You were on level 2 of the Dungeon.
You were not hungry.

You visited 1 branch of the dungeon, and saw 2 of its levels.

You collected 68 gold pieces.

Inventory:

Hand Weapons
 a - a +2 mace (weapon)
Armour
 b - a +0 ring mail (worn)
Jewellery
 i - an uncursed ring of flight {unknown}
Scrolls
 c - 2 scrolls of teleportation
 e - a scroll of immolation {unknown}
 g - a scroll of enchant armour {unknown}
 h - a scroll of identify {unknown}
 l - a scroll of fog {unknown}
Potions
 f - a potion of haste {unknown}
 j - a potion of heal wounds {unknown}
 k - a potion of resistance {unknown}
 m - a potion of curing
 n - a potion of mutation {unknown}
 o - a potion of berserk rage {unknown}
Comestibles
 d - 3 rations
 p - 4 chunks of flesh


   Skills:
 + Level 4.6 Fighting
 + Level 1.1 Short Blades
 + Level 1.1 Long Blades
 + Level 2.7 Axes
 + Level 4.6 Maces & Flails
 + Level 1.1 Polearms
 + Level 1.1 Staves
 + Level 1.1 Slings
 + Level 1.1 Bows
 + Level 1.1 Crossbows
 + Level 1.1 Throwing
 + Level 6.6 Armour
 + Level 1.1 Dodging
 + Level 2.5 Stealth
 + Level 2.7 Shields
 + Level 1.1 Unarmed Combat
 + Level 1.1 Spellcasting
 + Level 0.8 Conjurations
 + Level 0.8 Hexes
 + Level 0.8 Charms
 + Level 0.8 Summonings
 + Level 0.8 Necromancy
 + Level 0.8 Translocations
 + Level 0.8 Transmutations
 + Level 0.8 Fire Magic
 + Level 0.8 Ice Magic
 + Level 0.8 Air Magic
 + Level 0.8 Earth Magic
 + Level 0.8 Poison Magic
 + Level 1.2 Invocations
 + Level 1.1 Evocations


You had 5 spell levels left.
You didn't know any spells.
Your spell library was empty.

Dungeon Overview and Level Annotations

Branches:
Dungeon (2/15)

Altars:
Trog


Innate Abilities, Weirdness & Mutations

Your experience applies equally to all skills.
You have very sharp teeth.
Your uncanny sense of smell can sniff out nearby items.


Message History

You barely miss the gnoll.
The gnoll is severely wounded.
The gnoll hits you with a +0 club.
You closely miss the gnoll.
The gnoll is severely wounded.
The gnoll completely misses you.
You sock the gnoll!
You kill the gnoll!
The rat closely misses you.
You hit the rat.
You kill the rat!
The gnoll barely misses you. The gnoll closely misses you.
Things that are here:
a +0 club; a rat corpse You hit the gnoll but do no damage.
The gnoll hits you with a +0 halberd!
* * * LOW HITPOINT WARNING * * *
You barely miss the gnoll. Your bite misses the gnoll.
The gnoll hits you with a +0 halberd!
You die...

######
.....#########################
.....'..........@g............
.....##################†......
.....#..........(# .r.....
.....#...........# .......
.....#.........(.### .......
...).#....÷........# #......
........#######...## ......
........# #..##### ......
........# #.##..^### #+#


You could see a gnoll.

Vanquished Creatures
  2 gnolls (D:2)
  2 adders (D:2)
  2 worms (D:2)
  4 orcs (D:2)
  A ball python (D:1)
  A bat (D:2)
  2 giant cockroaches
  A goblin (D:2)
  3 hobgoblins (D:2)
  5 kobolds
  4 quokkas (D:2)
  5 frilled lizards
  2 rats (D:2)
34 creatures vanquished.

Notes
Turn   | Place    | Note
-------+----------+-------------------------------------------
     0 | D:1      | xccam the Gnoll Wanderer began the quest for the Orb.
     0 | D:1      | xccam set off with the following items: a +2 mace, a +0
                  | ring mail, a scroll of teleportation, a ration
     0 | D:1      | Reached XP level 1. HP: 20/20 MP: 1/1
   765 | D:2      | Reached XP level 2. HP: 9/26 MP: 2/2
  1369 | D:2      | Reached XP level 3. HP: 15/31 MP: 3/3
  1371 | D:2      | Reached skill level 1 in Invocations
  1794 | D:2      | Found a bloodstained altar of Trog.
  1798 | D:2      | Reached skill level 1 in Short Blades
  1798 | D:2      | Reached skill level 1 in Long Blades
  1798 | D:2      | Reached skill level 1 in Polearms
  1798 | D:2      | Reached skill level 1 in Staves
  1798 | D:2      | Reached skill level 1 in Slings
  1798 | D:2      | Reached skill level 1 in Bows
  1798 | D:2      | Reached skill level 1 in Crossbows
  1798 | D:2      | Reached skill level 1 in Throwing
  1798 | D:2      | Reached skill level 1 in Dodging
  1798 | D:2      | Reached skill level 1 in Unarmed Combat
  1798 | D:2      | Reached skill level 1 in Spellcasting
  1798 | D:2      | Reached skill level 1 in Evocations
  1859 | D:2      | Reached XP level 4. HP: 38/38 MP: 5/5
  2050 | D:2      | Slain by a gnoll

Illustrated notes

Levels and vault maps discovered:
D:1:      co_arrival_random_square_maze, layout_loops_ring,
          chequers_serial_rivers_micro_b
D:2:      layout_basic, minmay_misc_feat_four_crosses, trog_butcher_becter,
          uniq_robin

Skill      XL: |  1  2  3 |
---------------+----------+-----
Invocations    | 1 |  1.2
Short Blades   | 1 |  1.1
Long Blades    | 1 |  1.1
Polearms       | 1 |  1.1
Staves         | 1 |  1.1
Slings         | 1 |  1.1
Bows           | 1 |  1.1
Crossbows      | 1 |  1.1
Throwing       | 1 |  1.1
Dodging        | 1 |  1.1
Unarmed Combat | 1 |  1.1
Spellcasting   | 1 |  1.1
Evocations     | 1 |  1.1
Fighting       | |  4.6
Axes           | |  2.7
Maces & Flails | |  4.6
Armour         | |  6.6
Stealth        | |  2.5
Shields        | |  2.7
Conjurations   | |  0.8
Hexes          | |  0.8
Charms         | |  0.8
Summonings     | |  0.8
Necromancy     | |  0.8
Translocations | |  0.8
Transmutations | |  0.8
Fire Magic     | |  0.8
Ice Magic      | |  0.8
Air Magic      | |  0.8
Earth Magic    | |  0.8
Poison Magic   | |  0.8

Action                   |  1- 3 |  4- 6 || total
-------------------------+-------+-------++-------
Melee: Mace              |    92 |    23 ||   115
       Bite              |     7 |     3 ||    10
  Use: Potion            |     1 |       ||     1
 Stab: Sleeping          |     2 |       ||     2
       Distracted        |     1 |       ||     1
  Eat: Chunk             |     3 |     1 ||     4
Armor: Ring mail         |    25 |     6 ||    31
Dodge: Dodged            |    59 |     9 ||    68

Table legend:
 A = Non-vault XP
 B = Vault XP
 C = Vault XP percentage of total XP
 D = Non-vault monster count
 E = Vault monster count
 F = Vault count percentage of total count
                 A         B        C        D         E       F
            +---------+---------+-------+---------+---------+-------
      Total |     107 |       9 |   7.8 |      30 |       4 |  11.8
            +---------+---------+-------+---------+---------+-------
        D:1 |       9 |       0 |   0.0 |       5 |       0 |   0.0
        D:2 |      98 |       9 |   8.4 |      25 |       4 |  13.8
            +---------+---------+-------+---------+---------+-------
